 Dungeon Crawl Stone Soup version 0.31-a0-182-gc5ef74bbde (webtiles) character file.

Game seed: 518851466095705634

529 Barriton the Firebug (level 7, -3/50 HPs)
             Began as a Yellow Draconian Fire Elementalist on June 20, 2023.
             Slain by a gnoll sergeant
             ... wielding a +0 spear
              (4 damage)
             ... on level 5 of the Dungeon.
             The game lasted 00:10:09 (6055 turns).

Barriton the Firebug (DrFE)                         Turns: 6055, Time: 00:10:09

Health: -3/50      AC:  8    Str: 10    XL:     7   Next: 3%
Magic:  1/13       EV: 12    Int: 17    God:
Gold:   171        SH:  0    Dex: 18    Spells: 7/14 levels left

rFire   . . .        n - +8 club (spect)
rCold   . . .        (no shield)
rNeg    . . .        (body armour unavailable)
rPois   .            (helmet restricted)
rElec   .            (no cloak)
rCorr   +            (no gloves)
SInv    .            i - +1 pair of boots
Will    .....        d - amulet of the acrobat
Stlth   ++           c - +6 ring of dexterity
HPRegen 0.28/turn    (no ring)
MPRegen 0.13/turn

%: acrobat
@: no status effects
A: spit acid, AC +6, unfitting armour, cold-blooded, acid resistance
a: Breathe Acid


You were on level 5 of the Dungeon.
You visited 1 branch of the dungeon, and saw 5 of its levels.
You also visited: Sewer.

You collected 171 gold pieces.

Inventory:

Hand Weapons
 n - a +8 spectral club (weapon)
Armour
 i - a +1 pair of boots (worn)
Jewellery
 c - a +6 ring of dexterity (left hand)
 d - an amulet of the acrobat (around neck)
Wands
 m - a wand of digging (5)
Potions
 a - 2 potions of magic
 b - a potion of cancellation
 e - a potion of invisibility
 f - a potion of brilliance
 g - a potion of heal wounds {unknown}
 h - a potion of curing {unknown}
 j - a potion of mutation {unknown}
 k - a potion of ambrosia
 l - a potion of lignification {unknown}


   Skills:
 + Level 0.2 Fighting
 + Level 0.1 Maces & Flails
 + Level 2.2 Dodging
 + Level 2.7 Stealth
 + Level 1.1 Unarmed Combat
 + Level 4.3 Spellcasting
 + Level 2.4 Conjurations
 + Level 5.4 Fire Magic


You had 7 spell levels left.
You knew the following spells:

 Your Spells              Type           Power      Damage    Failure   Level
a - Foxfire               Conj/Fire      68%        2x1d7     3%          1
b - Scorch                Fire           44%        2d7       2%          2
c - Flame Wave            Conj/Fire      17%        2d7       30%         4

Your spell library contained the following spells:

 Spells                   Type           Power      Damage    Failure   Level
 Apportation              Tloc           6%         N/A       16%         1
 Necrotise                Necr           12%        1d4       16%         1
 Summon Small Mammal      Summ           12%        N/A       16%         1
 Inner Flame              Hex/Fire       12%        N/A       16%         3
 Volatile Blastmotes      Fire/Tloc      24%        2d12      16%         3
 Ensorcelled Hibernation  Hex/Ice        6%         N/A       24%         2
 Spider Form              Tmut/Pois      3%         N/A       43%         3
 Fireball                 Conj/Fire      8%         3d6       63%         5
 Anguish                  Hex/Necr       1%         N/A       83%         4
 Starburst                Conj/Fire      8%         6d4       99%         6
 Plasma Beam              Fire/Air       6%         2x1d16    100%        6


Dungeon Overview and Level Annotations

Branches:
Dungeon (5/15)              Sewer (visited)
 Temple: D:4-7

Altars:
Elyvilon
Nemelex Xobeh
Yredelemnul


Innate Abilities, Weirdness & Mutations

You can spit globs of acid.
Your golden yellow scales are hard. (AC +6)
You cannot fit into any form of body armour.
You are cold-blooded and may be slowed by cold attacks.
You are resistant to acid. (rCorr)


Message History

The gnoll barely misses you. The gnoll misses you. The gnoll barely misses you.
You sock the gnoll!
Your tail-slap misses the gnoll.
The gnoll is severely wounded.
Your +8 spectral club closely misses the gnoll.
The gnoll is no longer more vulnerable to fire.
The gnoll hits you with a +0 whip. The gnoll barely misses you.
The ogre closely misses your +8 spectral club.
The gnoll hits you but does no damage. The gnoll completely misses you.
You hit the gnoll.
You kill the gnoll!
Your +8 spectral club disappears.
The gnoll sergeant is no longer more vulnerable to fire.
The gnoll sergeant hits you from afar with a +0 spear.
The gnoll closely misses you. The gnoll sergeant misses you.
You see here a +0 whip.
You barely miss the ogre. The ogre barely misses you.
You sock the ogre!
The ogre is moderately wounded.
The ogre hits you with a +0 giant club!!
The gnoll sergeant barely misses you.
You sock the ogre!
Your tail-slap misses the ogre.
The ogre is heavily wounded.
The gnoll sergeant hits you but does no damage.
The ogre hits you with a +0 giant club!
* * * LOW HITPOINT WARNING * * *
The gnoll sergeant hits you from afar with a +0 spear.
* * * LOW HITPOINT WARNING * * *
Casting: Scorch (safe; 2% risk of failure)
Confirm with . or Enter, or press ? or * to list all spells.
You conjure some foxfire!
The ogre barely misses you. The gnoll sergeant misses you.
The gnoll sergeant hits you from afar with a +0 spear!
* * * LOW HITPOINT WARNING * * *
You hit the ogre. You tail-slap the ogre.
The ogre is almost dead.
The ogre barely misses you.
An ogre comes into view. It is wielding a +0 giant club.
The gnoll sergeant hits you from afar with a +0 spear.
You die...

.#. # .#. #. ##..
#.. ###..# #...
....# #.... .S.#
#.....###.# .##
#.....v@OS##.....
#.....###gg...#
#...# #.g##O##
#.. ..hg. # #
...P..P.
#..PP...P.
#..P.......
#...........
#.$.P...PP.##


You could see 2 ogres, a gnoll sergeant, a gnoll and an adder.

Vanquished Creatures
  An ice beast (D:4)
  An ogre (D:4)
  A scorpion (D:4)
  An orc priest (D:3)
  An iguana (D:3)
  Ijyb (D:3)
  Robin (D:3)
  A gnoll (D:5)
  6 adders
  A river rat (D:3)
  2 worms
  2 dart slugs
  6 orcs
  10 ball pythons
  7 bats
  8 endoplasms
  5 giant cockroaches
  9 goblins
  11 hobgoblins
  7 kobolds
  8 quokkas
  7 frilled lizards
  15 rats
112 creatures vanquished.

Vanquished Creatures (collateral kills)
  9 foxfires
9 creatures vanquished.

Vanquished Creatures (others)
  An orc wizard (D:3)
  An ufetubus (D:4)
  A hobgoblin (D:4)
  256 foxfires
259 creatures vanquished.

Grand Total: 380 creatures vanquished

Notes
Turn   | Place    | Note
-------+----------+-------------------------------------------
     0 | D:1      | Barriton the Draconian Fire Elementalist began the quest
                  | for the Orb.
     0 | D:1      | Reached XP level 1. HP: 14/14 MP: 3/3
   315 | D:1      | Reached XP level 2. HP: 20/20 MP: 0/5
  1323 | D:2      | Found a faded altar of an unknown god.
  1341 | D:2      | Reached XP level 3. HP: 17/26 MP: 0/6
  1821 | D:2      | Reached XP level 4. HP: 33/33 MP: 5/8
  2065 | D:2      | Learned a level 2 spell: Scorch
  2372 | D:3      | Noticed Robin
  2404 | D:3      | Killed Robin
  2648 | D:3      | Found a glowing drain.
  2652 | Sewer    | Entered a sewer
  2987 | Sewer    | Reached XP level 5. HP: 38/38 MP: 6/9
  3544 | D:3      | Reached skill level 4 in Fire Magic
  3662 | D:3      | Found a basalt altar of Yredelemnul.
  4022 | D:3      | Noticed Ijyb
  4028 | D:3      | Killed Ijyb
  4192 | D:3      | Found a sparkling altar of Nemelex Xobeh.
  4440 | D:3      | Reached XP level 6. HP: 45/45 MP: 7/11
  4748 | D:4      | Noticed an ice beast
  4752 | D:4      | Killed an ice beast
  4753 | D:4      | Reached skill level 1 in Unarmed Combat
  4761 | D:4      | Reached skill level 5 in Fire Magic
  5280 | D:4      | Found a white marble altar of Elyvilon.
  5525 | D:4      | Your scales start taking on a golden yellow colour.
  5525 | D:4      | Reached XP level 7. HP: 50/50 MP: 5/13
  5525 | D:4      | Gained mutation: You are resistant to acid. (rCorr) [Yellow
                  | Draconian growth]
  6024 | D:5      | Entered Level 5 of the Dungeon
  6040 | D:4      | Learned a level 4 spell: Flame Wave
  6054 | D:5      | HP: 1/50 [gnoll sergeant/+0 spear (7)]
  6055 | D:5      | Slain by a gnoll sergeant

Illustrated notes

Levels and vault maps discovered:
D:1:      heliophobic_arrival_dark_side_of_the_moon, layout_rooms,
          serial_curves, eino_curves_03, eino_curves_03, serial_bayou_crossing
D:2:      layout_basic, dreamdust_ecumenical_altar_grove
D:3:      layout_basic, nemelex_spade_bored_becter,
          mainiacjoe_overflow_alcove_2, gup_sewer_entry_bowl,
          nicolae_goblin_pals
D:4:      kennysheep_big_flooded_room, layout_basic, elyvilon_altar_4
D:5:      layout_cave_pools, grunt_dithmenos_smoke,
          lemuel_coloured_pillars_altar, gammafunk_ghost_mausoleum,
          kennysheep_decorative_pillar, minmay_misc_feat_chi,
          nicolae_grassy_gnolls

Skill      XL: |  1  2  3  4  5  6 |
---------------+-------------------+-----
Dodging        | 2 |  2.2
Stealth        | 2 |  2.7
Conjurations   | 2 |  2.4
Spellcasting   | 3 4 |  4.3
Fire Magic     | 4 5 |  5.4
Unarmed Combat | 1 |  1.1
Fighting       | |  0.2
Maces & Flails | |  0.1

Action                     |  1- 3 |  4- 6 |  7- 9 || total
---------------------------+-------+-------+-------++-------
  Melee: Unarmed           |    16 |    83 |       ||    99
         Tailslap          |     5 |    12 |     1 ||    18
         Club              |       |    10 |     7 ||    17
   Cast: Foxfire           |    84 |    92 |     2 ||   178
         Scorch            |       |    47 |     5 ||    52
         Flame Wave        |       |       |     1 ||     1
    Use: Scroll            |     1 |     9 |     3 ||    13
 Armour: Skin              |     6 |    40 |     4 ||    50
  Dodge: Dodged            |    31 |    60 |    20 ||   111

Table legend: (Time is in decaauts)
 A = Elapsed time spent in this place.
 B = Non-inter-level travel time spent in this place.
 C = Inter-level travel time spent in this place.
 D = Time resting spent in this place.
 E = Time spent auto-exploring this place.
 F = Levels seen in this place.
 G = Mean time per level.
                   A        B        C        D        E       F      G
               +--------+--------+--------+--------+--------+-----+--------+
         Total |   6107 |   5997 |    110 |      0 |   5188 |   6 | 1017.8 |
       Dungeon |   5494 |   5384 |    110 |      0 |   4659 |   5 | 1098.8 |
         Sewer |    613 |    613 |      0 |      0 |    528 |   1 |  613.0 |
               +--------+--------+--------+--------+--------+-----+--------+

Top non-repeatable levels by time:
     D:3: 1646 daAuts
     D:4: 1457 daAuts
     D:1: 1231 daAuts
     D:2: 1132 daAuts
   Sewer: 613 daAuts
     D:5: 26 daAuts
